 Dungeon Crawl Stone Soup version 0.27.1-3-gb3d3a73c9e (webtiles) character file.

Game seed: 6358580202113516310

259 r3algood4 the Slasher (level 5, -6/47 HPs)
             Began as a Draconian Gladiator on Oct 5, 2021.
             Killed from afar by an orc wizard (8 damage)
             ... with a puff of flame
             ... on level 5 of the Dungeon.
             The game lasted 00:04:46 (3676 turns).

r3algood4 the Slasher (Draconian Gladiator)         Turns: 3676, Time: 00:04:47

Health: -6/47      AC:  5    Str: 18    XL:     5   Next: 95%
Magic:  5/5        EV: 13    Int:  8    God:
Gold:   149        SH:  0    Dex: 12    Spells: 4/4 levels left

rFire    . . .     SeeInvis .   a - +0 long sword
rCold    . . .     Faith    .   (no shield)
rNeg     . . .     Spirit   .   (armour unavailable)
rPois    .         Reflect  .   b - +0 hat
rElec    .         Harm     .   (no cloak)
rCorr    +         Rampage  .   (no gloves)
Will     .....                  (no boots)
Stlth    +.........             (no amulet)
HPRegen  0.15/turn              l - ring of resist corrosion
MPRegen  0.09/turn              (no ring)

@: no status effects
A: AC +5, unfitting armour, cold-blooded
a: no special abilities


You were on level 5 of the Dungeon.
You visited 1 branch of the dungeon, and saw 5 of its levels.

You collected 149 gold pieces.

Inventory:

Hand Weapons
 a - a +0 long sword (weapon)
 n - a +2 quarterstaff of chaos
Missiles
 c - 3 throwing nets (quivered)
 i - 6 curare-tipped darts
Armour
 b - a +0 hat (worn)
Magical Staves
 h - a staff of cold
 k - a staff of earth
Jewellery
 l - a ring of resist corrosion (left hand)
Wands
 j - a wand of digging (5)
Scrolls
 f - a scroll of silence {unknown}
 g - 6 scrolls of identify {unknown}
 m - a scroll of fog {unknown}
Potions
 d - a potion of cancellation {unknown}
 e - a potion of attraction {unknown}


   Skills:
 * Level 4.7 Fighting
 * Level 4.8 Long Blades
 - Level 1.7 Throwing
 + Level 3.6 Dodging


You had 4 spell levels left.
You didn't know any spells.
Your spell library contained the following spells:

 Spells                   Type           Power      Damage    Failure   Level
 Beastly Appendage        Tmut           0%         N/A       41%         1
 Wereblood                Tmut           0%         N/A       54%         2
 Spider Form              Tmut/Pois      0%         N/A       78%         3


Dungeon Overview and Level Annotations

Branches:
Dungeon (6/15)
 Temple: D:4-7

Altars:


Innate Abilities, Weirdness & Mutations

Your plain brown scales are hard. (AC +5)
You cannot fit into any form of body armour.
You are cold-blooded and may be slowed by cold attacks.


Message History

You barely miss something. The orc hits you but does no damage.
Something barely misses you. Something hits you. The orc barely misses you.
The orc closely misses you.
You bump into the rock wall.
You hear some strange, mumbled words.
A magic dart appears from out of thin air!
The magic dart hits you! Something hits you but does no damage.
The orc barely misses you. The orc closely misses you.
You closely miss something. Something hits you.
You hear some strange, mumbled words.
A puff of flame appears from out of thin air!
The puff of flame hits you. The orc hits you but does no damage. x2
You miss something.
Something hits you. x2; The orc misses you.
The orc barely misses you.
You hear some strange, mumbled words.
A puff of flame appears from out of thin air!
The puff of flame hits you!
You closely miss something.
Your tail-slap misses something.
You feel less confused. Something hits you but does no damage.
The orc hits you with a +2 falchion of holy wrath.
* * * LOW HITPOINT WARNING * * *
The orc completely misses you. Something hits you but does no damage.
You miss something.
Your tail-slap misses something.
Something hits you.
* * * LOW HITPOINT WARNING * * *
The orc barely misses you.
You riposte.
You closely miss the orc. The orc closely misses you. Something hits you.
* * * LOW HITPOINT WARNING * * *
Something hits you but does no damage.
You miss something. The orc hits you but does no damage.
The orc barely misses you.
You riposte.
You hit the orc.
You kill the orc!
Something hits you but does no damage. x2
The orc hits you with a +2 falchion of holy wrath.
* * * LOW HITPOINT WARNING * * *
You barely miss something. Something completely misses you.
You hear some strange, mumbled words.
A puff of flame appears from out of thin air!
The puff of flame hits you!
You die...

#.........
#.#.....###.
#...........
#.......# #..)...#
#...#.## #>..#.#
########.....###
#...)@##..#....###
#...o{{............
.........#####.#.####
###.....?# #.#.#
#......# #.#.#
........# #.# #
#####.##.# .# #. #.#
.# #. #.#


You could see an orc.

Vanquished Creatures
  A centaur (D:5)
  A scorpion (D:6)
  Crazy Yiuf (D:2)
  Robin (D:2)
  3 adders
  2 dart slugs
  An orc (D:5)
  2 bats (D:1)
  6 endoplasms
  5 giant cockroaches
  9 hobgoblins
  A quokka (D:3)
  4 ball pythons (D:1)
  4 frilled lizards
  7 goblins
  2 rats (D:1)
50 creatures vanquished.

Notes
Turn   | Place    | Note
-------+----------+-------------------------------------------
     0 | D:1      | r3algood4 the Draconian Gladiator began the quest for the
                  | Orb.
     0 | D:1      | Reached XP level 1. HP: 17/17 MP: 1/1
   145 | D:1      | Reached XP level 2. HP: 25/25 MP: 2/2
  1149 | D:2      | Reached XP level 3. HP: 31/31 MP: 3/3
  1157 | D:2      | Noticed Robin
  1357 | D:2      | Killed Robin
  1679 | D:2      | Reached XP level 4. HP: 28/38 MP: 4/4
  2037 | D:2      | Found a runed translucent door.
  2038 | D:2      | Noticed Crazy Yiuf
  2349 | D:2      | Killed Crazy Yiuf
  2722 | D:3      | You fall into a shaft and drop 3 floors!
  2740 | D:6      | Noticed a scorpion
  2751 | D:6      | Killed a scorpion
  2752 | D:6      | Reached XP level 5. HP: 10/46 MP: 5/5
  3212 | D:5      | Entered Level 5 of the Dungeon
  3214 | D:5      | Noticed a centaur
  3223 | D:5      | Killed a centaur
  3675 | D:5      | HP: 2/47 [orc (5)]
  3676 | D:5      | Killed from afar by an orc wizard

Illustrated notes

Levels and vault maps discovered:
D:1:      dpeg_arrival_prison, layout_basic, roderic_lattice_a,
          hangedman_decor_clover_reticule, minmay_pentomino_v2
D:2:      layout_rooms, serial_aquarium, aquarium_bridge_straight
          [aquarium_subvault_bridge, aquarium_subvault_wall,
          aquarium_subvault_bridge, aquarium_subvault_balcony],
          aquarium_bridge_square [aquarium_subvault_bridge,
          aquarium_subvault_window, aquarium_subvault_bridge,
          aquarium_subvault_bridge], aquarium_window_fake, aquarium_window_1,
          aquarium_window_1, aquarium_window_1, aquarium_view_2g,
          aquarium_view_2g, aquarium_balcony_3a, uniq_crazy_yiuf_cottage,
          uniq_robin
D:3:      layout_basic, uniq_jessica, uniq_ijyb
D:5:      layout_loops_ring, led_xom_imps, minmay_statues_item,
          minmay_starry_boxes
D:6:      layout_basic, minmay_temple_entry_glassed_door

Skill      XL: |  1  2  3  4 |
---------------+-------------+-----
Fighting       | 3 4 |  4.7
Dodging        | 3 |  3.6
Long Blades    | 4 |  4.8
Throwing       | |  1.7

Action                   |  1- 3 |  4- 6 || total
-------------------------+-------+-------++-------
Melee: Long sword        |    81 |    43 ||   124
       Tailslap          |    11 |     6 ||    17
 Stab: Sleeping          |     2 |       ||     2
Armor: Skin              |    34 |    30 ||    64
Dodge: Dodged            |    91 |    53 ||   144
       Rpst.: Long sword |    31 |    12 ||    43
